 Dungeon Crawl Stone Soup version 0.29.0-11-gd7f09526c8 (webtiles) character file.

Game seed: 10069235420934194111

89931 mortz the Eclecticist (level 16, -2/93 HPs)
             Began as a Djinni Conjurer on Sept 3, 2022.
             Was a High Priest of Elyvilon.
             Killed from afar by a balrug (5 damage)
             ... with a sticky flame
             ... on level 2 of the Abyss on Sept 4, 2022.
             The game lasted 04:31:09 (40013 turns).

mortz the Eclecticist (Djinni Conjurer)            Turns: 40013, Time: 04:31:10

Health: -2/93      AC: 20    Str: 10    XL:     16   Next: 45%
Gold:   2765       EV: 21    Int: 36    God:    Elyvilon [*****.] SH:  0 Dex: 18

rFire   + + .      SeeInvis +   a - +4 dagger (flame) {short}
rCold   x . .      Faith    .   (no shield)
rNeg    + . .      Spirit   .   k - +6 chain mail "Tuaqaatz" {rN+ Str+8 Dex+6} rPois โˆž Reflect .
                                t - +0 mask of the Dragon {Will+ Slay+3 SInv}
rElec   .          Harm     .   D - +2 cloak {Stlth+}
rCorr   .          Rampage  .   (no gloves)
Will    +++..                   (boots unavailable)
Stlth   +.........              J - amulet of the acrobat
HPRegen 0.25/turn               z - +6 ring of intelligence
MPRegen 0.00/turn               Q - ring "Paipipt" {Wiz Will+ Int+2 Stlth+}

@: on fire, acrobatic, flying, slowed, glowing, very slow
A: sickness immunity, fire resistance 2, cold vulnerability 1, float, innate
caster, HP casting, extra vitality 1, antennae 1, [weak 2]
a: Renounce Religion, Purification, Heal Other, Heal Self, Divine Vigour


You were on level 2 of the Abyss.
You worshipped Elyvilon.
Elyvilon was extremely pleased with you.
You visited 4 branches of the dungeon, and saw 22 of its levels.
You visited the Abyss 1 time.
You also visited: Gauntlet.

You collected 4308 gold pieces.
You spent 1543 gold pieces at shops.


Innate Abilities, Weirdness & Mutations

You are immune to sickness and miasma.
You are immune to poison.
Your flesh is very heat resistant. (rF++)
You are vulnerable to cold. (rC-)
You float through the air rather than walking.
You learn spells naturally, not from books.
Your magical power is your life essence.
You have superior vitality. (+4 MHP)
You have a pair of small antennae on your head.
[You are very weak. (Str -4)]


   Skills:
 - Level 1.4 Fighting
 + Level 2.2 Short Blades
 + Level 3.4 Ranged Weapons
 + Level 7.8 Armour
 + Level 5.2 Dodging
 + Level 6.2 Stealth
 + Level 0.8 Shields
 * Level 19.0 Spellcasting
 * Level 9.9 Invocations
 * Level 4.3 Evocations


You had 14 spell levels left.
You knew the following spells:

 Your Spells              Type           Power      Damage    Failure   Level
a - Magic Dart            Conj           100%       1d8       0%          1
b - Searing Ray           Conj           100%       2d8       0%          2
c - Iskenderun's Mystic   Conj/Tloc      100%       2d19      1%          4
d - Fulminant Prism       Conj/Hex       53%        3d23      1%          4
e - Dazzling Flash        Conj/Hex       100%       N/A       1%          3
f - Summon Small Mammal   Summ           100%       N/A       0%          1
g - Call Imp              Summ           100%       N/A       0%          2
h - Leda's Liquefaction   Hex/Erth       53%        N/A       1%          4
i - Frozen Ramparts       Ice            100%       1d16      1%          3
j - Cause Fear            Hex            53%        N/A       1%          4
k - Manifold Assault      Tloc           100%       N/A       1%          5
l - Conjure Ball Lightni  Conj/Air       53%        3x3d18    1%          6
Your spell library was empty.

Inventory:

Hand Weapons
 a - a +4 dagger of flaming (weapon) {short}
   (You took it off an orc wizard on level 8 of the Dungeon)
 b - the +6 arbalest of Distant Shores {penet, +Blink rPois rF- Int+5, crossbow}
   (You took it off a gnoll sergeant on level 12 of the Dungeon)

   Any ammunition fired by it passes through the targets it hits, potentially
   hitting all targets in its path until it reaches maximum range.
   Int:       It affects your intelligence (+5).
   rF:        It makes you vulnerable to fire.
   rPois:     It protects you from poison.
   +Blink:    It lets you blink.
Armour
 e - a scarf of shadows
   (You found it in a Gauntlet)
 k - the +6 chain mail "Tuaqaatz" (worn) {rN+ Str+8 Dex+6}
   (You bought it in a shop on level 9 of the Dungeon)

   Str:       It affects your strength (+8).
   Dex:       It affects your dexterity (+6).
   rN:        It protects you from negative energy.
 q - +0 acid dragon scales
   (You found it on level 10 of the Dungeon)
 t - the +0 mask of the Dragon (worn) {Will+ Slay+3 SInv}
   (You found it in a Gauntlet)

   Slay:      It affects your accuracy & damage with ranged weapons and melee
   (+3).
   SInv:      It lets you see invisible.
   Will:      It increases your willpower.
 A - +0 steam dragon scales
   (You found it on level 8 of the Dungeon)
 D - a +2 cloak of stealth (worn)
   (You took it off Maurice on level 11 of the Dungeon)
 H - a +2 robe of willpower
   (You took it off Blork the orc on level 6 of the Dungeon)
 R - a +2 troll leather armour
   (You found it on level 11 of the Dungeon)
 U - the +0 helmet of Dibeot {Fly rF- rC+ Dex+3}
   (You found it on level 3 of the Lair of Beasts)

   Dex:       It affects your dexterity (+3).
   rF:        It makes you vulnerable to fire.
   rC:        It protects you from cold.
   Fly:       It grants you flight.
 X - the +1 helmet "Gutoidwu" {rN++ Str+3}
   (You found it on level 3 of the Lair of Beasts)

   Str:       It affects your strength (+3).
   rN:        It greatly protects you from negative energy.
 Y - a +3 scale mail of cold resistance
   (You took it off a gnoll sergeant on level 9 of the Dungeon)
Jewellery
 h - a ring of wizardry
   (You found it on level 2 of the Lair of Beasts)
 i - a ring of willpower
   (You found it on level 1 of the Dungeon)
 u - a ring of fire
   (You found it on level 5 of the Dungeon)
 z - a +6 ring of intelligence (left hand)
   (You found it on level 1 of the Lair of Beasts)
 B - a +6 ring of strength
   (You found it on level 14 of the Dungeon)
 I - an amulet of faith {!P}
   (You found it on level 5 of the Lair of Beasts)
 J - an amulet of the acrobat (around neck)
   (You found it on level 12 of the Dungeon)
 M - a ring of see invisible
   (You found it on level 4 of the Dungeon)
 P - a ring of protection from fire
   (You found it on level 2 of the Lair of Beasts)
 Q - the ring "Paipipt" (right hand) {Wiz Will+ Int+2 Stlth+}
   (You found it on level 3 of the Lair of Beasts)

   [ring of wizardry]

   It improves your spell success rate.
   Int:       It affects your intelligence (+2).
   Will:      It increases your willpower.
   Stlth:     It makes you more stealthy.
 W - a ring of positive energy
   (You found it on level 7 of the Dungeon)
Wands
 w - a wand of polymorph (7)
   (You found it on level 2 of the Lair of Beasts)
 x - a wand of light (29)
   (You found it on level 7 of the Dungeon)
 E - a wand of charming (13)
   (You took it off an orc wizard on level 6 of the Dungeon)
 K - a wand of flame (31)
   (You found it on level 9 of the Dungeon)
 S - a wand of roots (30)
   (You took it off Maggie on level 6 of the Dungeon)
Scrolls
 c - 2 scrolls of butterflies
 f - 2 scrolls of summoning
 l - 3 scrolls of magic mapping {!r}
 r - 2 scrolls of enchant weapon
 y - 3 scrolls of fear
 G - 3 scrolls of teleportation {@r4}
 L - 3 scrolls of poison
 N - 3 scrolls of silence {!r}
 V - a scroll of identify {@r1}
 Z - 2 scrolls of immolation {!r!r}
Potions
 d - 3 potions of ambrosia
 g - 3 potions of attraction {!q}
 j - a potion of lignification {!q}
 m - a potion of resistance
 n - 5 potions of invisibility
 o - 9 potions of curing {@q1}
 p - 6 potions of brilliance
 s - 2 potions of mutation {!q}
 v - 4 potions of haste {@q3}
 C - 4 potions of heal wounds {@q2}
 F - a potion of might
 T - 2 potions of berserk rage {!q}

Dungeon Overview and Level Annotations

Branches:
Dungeon (14/15) Zot: 25238  Temple (1/1) D:6 Zot: 5870    Lair (5/5) D:11 Zot: 21298
 Shoals (0/4) Lair:3        Snake (0/4) Lair:2        Slime (0/5) Lair:5
    Orc (2/2) D:9 Zot: 7966     Elf (0/3) Orc:2        Vaults (0/5) D:13
Gauntlet (visited)

Altars:
Ashenzari
Cheibriados
Dithmenos
Elyvilon
Fedhas
Gozag
Hepliaklqana
Makhleb
Nemelex Xobeh
Okawaru
Qazlal
Ru
Trog
Uskayaw
Wu Jian
Xom
Yredelemnul
Zin
The Shining One

Shops:
D:9 ([   Orc:1 (:   Orc:2 [[*:*((

Portals:
Hell: Lair:5

Annotations:
D:14 1 runed translucent door, Cofimnas's ghost, journeyman FoFi X

#.#......#.#. .#
###.###.EW#X#. #
#.. #.#.##...
###..D#*..#.. #
..2#..#....
#.###..#ยง.......
#.# #....###..#.#
# ##.....#.#. #
#@#.#### #.#.##
#. ... .. ..#.#
... ... # ###.
.... .. .#.#. ..
.#....


You could see a tentacled starspawn, a balrug, a wretched star and an earth
elemental.


Message History

A balrug comes into view.
It is wielding a +1 demon whip of electrocution.
The pearl dragon closely misses you.
The pearl dragon claws you but does no damage. ๐Ÿ˜ฑ HP[+4]
You regained 4 hp, and now have 8/93 hp.
Casting: Iskenderun's Mystic Blast (safe; 1% risk of failure)
Confirm with . or Enter, or press ? or * to list all spells.
Okay, then.
You are healed.
You carefully extract the barbed spikes from your body.
The wretched star glows turbulently.
The lance of force hits you!!
* * * LOW HITPOINT WARNING * * *
You are knocked back by the lance of force.
You collide with the balrug!
The balrug hits you but does no damage. The eidolon closely misses you.
The eidolon hits you but does no damage.
The pearl dragon barely misses you.
The pearl dragon claws you but does no damage.
The starcursed mass shrieks in your mind.
Elyvilon protects you from harm! ๐Ÿ˜ฑ HP[-3]
You take 3 damage, and now have 5/93 hp.
Casting: Iskenderun's Mystic Blast (safe; 1% risk of failure)
Confirm with . or Enter, or press ? or * to list all spells.
Okay, then.
You are healed.
The balrug hits you but does no damage.
The eidolon hits you but does no damage.
The eidolon closely misses you. The pearl dragon closely misses you.
The pearl dragon claws you but does no damage.
The starcursed mass shrieks in your mind.
* * * LOW HITPOINT WARNING * * *
๐Ÿ˜ฑ HP[+17]
You regained 17 hp, and now have 22/93 hp.
Casting: Iskenderun's Mystic Blast (safe; 1% risk of failure)
Confirm with . or Enter, or press ? or * to list all spells.
You erupt in a blast of force!
The mystic blast hits the bone dragon!!
The bone dragon is knocked back by the mystic blast.
The bone dragon slams into the stone wall!
The mystic blast hits the eidolon!!
The eidolon is knocked back by the mystic blast.
The mystic blast hits the balrug!
The mystic blast hits the wretched star!
The wretched star is knocked back by the mystic blast.
The mystic blast hits the pearl dragon!!
The pearl dragon is knocked back by the mystic blast.
The pearl dragon collides with the bone dragon!
* * * LOW HITPOINT WARNING * * *
The balrug hits you with a +1 demon whip of electrocution.
* * * LOW HITPOINT WARNING * * *
You are engulfed in flames.
You resist.
* * * LOW HITPOINT WARNING * * *
You are electrocuted!
Elyvilon protects you from harm!
The wretched star pulses with an eldritch light!
You feel weaker. x2
The starcursed mass shrieks in your mind.
* * * LOW HITPOINT WARNING * * *
๐Ÿ˜ฑ HP[-18]
You take 18 damage, and now have 4/93 hp.
You are healed.
The balrug hits you but does no damage. The pearl dragon completely misses you.
The pearl dragon claws you.
* * * LOW HITPOINT WARNING * * *
The balrug hits you but does no damage.
You are electrocuted!
* * * LOW HITPOINT WARNING * * *
An apocalypse crab comes into view.
The eidolon hits you.
* * * LOW HITPOINT WARNING * * *
The eidolon drains your vigour!
You feel yourself slow down.
The eidolon barely misses you. ๐Ÿ˜ฑ HP[+1]
You are healed.
The pearl dragon closely misses you.
The pearl dragon claws you but does no damage.
The balrug hits you with a +1 demon whip of electrocution!
* * * LOW HITPOINT WARNING * * *
You are engulfed in flames.
You resist.
* * * LOW HITPOINT WARNING * * *
The pearl dragon bites you.
* * * LOW HITPOINT WARNING * * *
The pearl dragon claws you. Elyvilon protects you from harm!
The eidolon hits you!! Elyvilon protects you from harm!
The eidolon hits you but does no damage. ๐Ÿ˜ฑ HP[-3]
You take 3 damage, and now have 2/93 hp.
Okay, then.
Really read
O - a scroll of blinking {!r}? [Y]es or [N]o only, please.
Really read
O - a scroll of blinking {!r}?
Blink to where?
Press: ? - help, Dir - move target
As you read the scroll of blinking {!r}, it crumbles to dust.
A tentacled starspawn comes into view.
The balrug gestures at you. The sticky flame hits you. You resist.
You are covered in liquid flames!
You die...

Skill      XL: |  1  2  3  4  5  6  7  8  9 10 11 12 13 14 15 16 |
---------------+-------------------------------------------------+-----
Stealth        | 2 3 4 5 6 |  6.2
Spellcasting   | 4 5 6 8 10 13 15 16 17 18 19 | 19.0
Fighting       | 1 |  1.4
Invocations    | 1 3 4 5 7 8 9 |  9.9
Dodging        | 3 4 5 |  5.2
Short Blades   | 1 2 |  2.2
Armour         | 1 4 5 6 7 |  7.8
Evocations     | 3 4 |  4.3
Ranged Weapons | 3 |  3.4
Shields        | |  0.8

Action                   |  1- 3 |  4- 6 |  7- 9 | 10-12 | 13-15 | 16-18 || total
-------------------------+-------+-------+-------+-------+-------+-------++-------
Melee: Dagger            |       |    10 |     6 |     2 |    81 |     4 ||   103
       Short sword       |       |       |     2 |       |       |       ||     2
       Arbalest          |       |       |       |       |     1 |       ||     1
 Fire: Arbalest          |       |       |       |       |   139 |       ||   139
 Cast: Magic Dart        |    39 |    40 |   109 |   142 |   246 |    20 ||   596
       Searing Ray       |     5 |    34 |    65 |   100 |   102 |     9 ||   315
       Summon Small Mamm |       |     7 |     2 |     2 |     1 |       ||    12
       Fulminant Prism   |       |     1 |     1 |     2 |     8 |       ||    12
       Iskenderun's Myst |       |       |    11 |   118 |   374 |    94 ||   597
       Frozen Ramparts   |       |       |     2 |       |     2 |       ||     4
       Leda's Liquefacti |       |       |       |     2 |     1 |       ||     3
       Manifold Assault  |       |       |       |       |    25 |       ||    25
       Conjure Ball Ligh |       |       |       |       |     1 |       ||     1
Invok: Heal Other        |       |       |     2 |     3 |       |       ||     5
       Heal Self         |       |       |       |     3 |    13 |    10 ||    26
       Purification      |       |       |       |       |       |     1 ||     1
Evoke: Wand              |       |       |       |     2 |       |       ||     2
  Use: Scroll            |     4 |     1 |     5 |    16 |    15 |     2 ||    43
       Potion            |       |       |       |     2 |     1 |       ||     3
 Stab: Sleeping          |       |     7 |     8 |     2 |     4 |       ||    21
Armor: Robe              |     2 |    11 |    17 |       |       |       ||    30
       Scale mail        |       |       |       |    38 |       |       ||    38
       Steam dragon scal |       |       |       |    12 |       |       ||    12
       Troll leather arm |       |       |       |     3 |    31 |       ||    34
       Chain mail        |       |       |       |       |   107 |    55 ||   162
Dodge: Dodged            |     2 |    15 |    39 |    75 |   232 |    63 ||   426
Block: Buckler           |       |       |       |       |     5 |       ||     5

Levels and vault maps discovered:
D:1:      dpeg_arrival_long_road, layout_rooms, minmay_rat_gold_closets
D:2:      layout_basic
D:3:      layout_loops_ring, elyvilon_altar_4,
          mainiacjoe_overflow_cross_hatched, nzn_hepliaklqana_mist_gate,
          serial_glass, glass_columns_c, glass_columns_c
D:4:      layout_loops_ring, lemuel_mausoleum_altar_kikubaaqudgha,
          mainiacjoe_overflow_tiny_flanked, nzn_wu_jian_council_hall,
          uniq_duvessa
D:5:      nicolae_cairo_tiling_large, layout_basic, lemuel_round_altar,
          grunt_ministairs_13
D:6:      layout_rooms, lemuel_round_altar, demons_altar,
          kennysheep_orc_sif_temple, minmay_temple_entry_poolview,
          uniq_crazy_yiuf_cottage, uniq_maggie, uniq_blork_the_orc,
          uniq_prince_ribbit1
D:7:      layout_gridville
D:8:      layout_loops_corners, mainiacjoe_overflow_concentric_impassable,
          mainiacjoe_overflow_brackets, zin_treasury, uniq_psyche
D:9:      layout_roguey, orc_david_3, special_room [special_room_orc]
D:10:     hellmonk_crumbling_castle, layout_gridville,
          mainiacjoe_overflow_surrounded_room, kennysheep_generic_room_16
D:11:     layout_small_grid, lair_entry_dummy, uniq_maurice
D:12:     layout_loops_cross, uniq_snorg, uniq_urug
D:13:     layout_loops_corners, grunt_vaults_entry_fortified, uniq_erolcha
D:14:     layout_basic, minmay_crystal_water, gauntlet_entry_generic,
          ebering_ghost_xom, minmay_misc_feat_secret_circle,
          minmay_quadrilaterals, uniq_agnes
Temple:   nicolae_temple_bog_church
Lair:1:   layout_hall_layers, dreamdust_wasp_nest
Lair:2:   layout_cave_pods, minmay_snake_entry_guardpost_medium,
          lemuel_fruit_tree, serial_bayou_shore_b, grunt_megastairs_5
Lair:3:   gammafunk_worm_tunnel, layout_regular_city, minmay_shoals_entry_hut,
          st_stairs_10, infiniplex_staircase_pool_2
Lair:4:   layout_regular_city, disabler_island
Lair:5:   evil_forest, layout_layer_cave, minmay_slime_entry_oklob_enclosed,
          grunt_megastairs_3
Orc:1:    layout_caves, serial_shops, nicolae_shop_hallway_stairs,
          nicolae_shop_firing_range, uniq_erica
Orc:2:    st_orc_rangers, layout_caves, serial_shops, shop, shop, shop_statue,
          lemuel_statue_altar
Abyss:2:  base: D:5, hangedman_shadowy_showcase, spicy_abyss_helpful_harpoons

Notes
Turn   | Place    | Note
-------+----------+-------------------------------------------
     0 | D:1      | mortz the Djinni Conjurer began the quest for the Orb.
     0 | D:1      | mortz set off with the following spells memorised: Magic
                  | Dart, Searing Ray, Dazzling Flash, Fulminant Prism,
                  | Iskenderun's Mystic Blast.
     0 | D:1      | Reached XP level 1. HP: 15/15 MP: 0/0
     0 | D:1      | magus.rc [v1.9.6]
   415 | D:1      | Reached XP level 2. HP: 19/21 MP: 0/0
   453 | D:1      | Reached skill level 2 in Stealth
  1008 | D:2      | Reached XP level 3. HP: 19/25 MP: 0/0
  1008 | D:2      | Learned a level 1 spell: Summon Small Mammal
  1160 | D:2      | Reached skill level 4 in Spellcasting
  1170 | D:2      | HP: 6/25 [gnoll/+0 flail (4)]
  1172 | D:2      | Reached XP level 4. HP: 7/31 MP: 0/0
  1914 | D:2      | Reached XP level 5. HP: 31/35 MP: 0/0
  1914 | D:2      | Learned a level 2 spell: Call Imp
  2592 | D:3      | Found a white marble altar of Elyvilon.
  2609 | D:3      | Became a worshipper of Elyvilon the Healer
  2684 | D:3      | Found a hazy altar of Hepliaklqana.
  2709 | D:3      | Found a stormy altar of Qazlal.
  2929 | D:3      | Noticed an ice beast
  3618 | D:3      | Reached XP level 6. HP: 36/40 MP: 0/0
  3851 | D:4      | Found an ornate altar of the Wu Jian Council.
  3994 | D:4      | Reached skill level 5 in Spellcasting
  4061 | D:4      | Reached * piety under Elyvilon
  4158 | D:4      | Reached skill level 1 in Fighting
  4253 | D:4      | Noticed Dowan
  4254 | D:4      | Noticed Duvessa
  4281 | D:3      | Killed an ice beast
  4282 | D:3      | Reached skill level 3 in Stealth
  4282 | D:3      | Reached XP level 7. HP: 38/47 MP: 0/0
  4282 | D:3      | Learned a level 3 spell: Frozen Ramparts
  4639 | D:4      | Reached skill level 1 in Invocations
  5257 | D:4      | Reached XP level 8. HP: 34/52 MP: 0/0
  5603 | D:4      | Found a glowing golden altar of the Shining One.
  5762 | D:5      | Entered Level 5 of the Dungeon
  5781 | D:5      | Reached skill level 3 in Dodging
  5781 | D:5      | Reached skill level 6 in Spellcasting
  5781 | D:5      | Reached skill level 2 in Invocations
  5872 | D:5      | Reached ** piety under Elyvilon
  6092 | D:5      | Reached skill level 1 in Short Blades
  6460 | D:5      | Reached skill level 4 in Stealth
  6767 | D:5      | Found a blossoming altar of Fedhas.
  7222 | D:6      | Noticed Blork the orc
  7263 | D:6      | Noticed Maggie
  7324 | D:6      | Reached skill level 3 in Invocations
  7475 | D:6      | Killed Blork the orc
  7476 | D:6      | Reached XP level 9. HP: 51/57 MP: 0/0
  7476 | D:6      | Learned a level 4 spell: Leda's Liquefaction
  7568 | D:6      | Found a runed translucent door.
  7569 | D:6      | Noticed Crazy Yiuf
  7627 | D:6      | Reached skill level 7 in Spellcasting
  7733 | D:6      | Noticed Prince Ribbit
  7738 | D:6      | Killed Prince Ribbit
  8207 | D:6      | HP: 12/57 [Maggie/bolt of fire (2)]
  8208 | D:6      | Killed Maggie
  8209 | D:6      | Reached skill level 5 in Stealth
  8476 | D:6      | magus.rc [v1.9.6]
  8551 | D:6      | Reached skill level 8 in Spellcasting
  8752 | D:6      | Found an iron altar of Okawaru.
  9042 | D:6      | Found a burning altar of Makhleb.
  9220 | D:6      | Found a staircase to the Ecumenical Temple.
  9221 | D:6      | Reached *** piety under Elyvilon
  9229 | Temple   | Entered the Ecumenical Temple
  9513 | D:7      | Reached XP level 10. HP: 32/63 MP: 0/0
  9673 | D:7      | Reached skill level 4 in Invocations
 10023 | D:7      | Reached skill level 9 in Spellcasting
 10517 | D:7      | magus.rc [v1.9.6]
 10584 | D:7      | magus.rc [v1.9.6]
 10605 | D:8      | Noticed Psyche
 10613 | D:8      | Killed Psyche
 11064 | D:8      | Found a sparkling altar of Nemelex Xobeh.
 11119 | D:8      | Reached skill level 10 in Spellcasting
 11181 | D:8      | Found an opulent altar of Gozag.
 11471 | D:8      | Found a glowing silver altar of Zin.
 12112 | D:8      | Identified 3 scrolls of acquirement
 12112 | D:8      | Acquired 1161 gold pieces
 12114 | D:8      | Acquired 685 gold pieces
 12116 | D:8      | Acquired a manual of Spellcasting
 12144 | D:9      | Reached **** piety under Elyvilon
 12521 | D:9      | Reached skill level 1 in Armour
 12604 | D:9      | Found Pelluehu's Armour Boutique.
 12604 | D:9      | Found a staircase to the Orcish Mines.
 12609 | D:9      | Reached skill level 4 in Dodging
 12614 | D:9      | Found Ihoadom's Weapon Boutique.
 12978 | D:9      | Reached XP level 11. HP: 58/67 MP: 0/0
 12978 | D:9      | Learned a level 4 spell: Cause Fear
 13175 | D:9      | Reached skill level 11 in Spellcasting
 13674 | D:10     | Entered Level 10 of the Dungeon
 13699 | D:10     | Found a snail-covered altar of Cheibriados.
 13708 | D:10     | Reached skill level 2 in Armour
 13902 | D:10     | Reached skill level 12 in Spellcasting
 14036 | D:10     | Noticed a two-headed ogre
 14044 | D:10     | Killed a two-headed ogre
 14424 | D:10     | Noticed a two-headed ogre
 14437 | D:10     | Killed a two-headed ogre
 14438 | D:10     | Reached skill level 3 in Armour
 14959 | D:11     | Reached skill level 13 in Spellcasting
 14960 | D:11     | Noticed a centaur warrior
 14960 | D:11     | HP: 13/67 [centaur warrior/arrow (24)]
 15219 | D:11     | Noticed a two-headed ogre
 15228 | D:11     | Killed a two-headed ogre
 15301 | D:11     | HP: 10/67 [centaur warrior/arrow (16)]
 15302 | D:11     | Elyvilon protects you from harm!
 15304 | D:11     | Killed a centaur warrior
 15549 | D:11     | Reached skill level 4 in Armour
 16008 | D:11     | Noticed Maurice
 16016 | D:11     | Killed Maurice
 16017 | D:11     | Reached XP level 12. HP: 44/73 MP: 0/0
 16247 | D:11     | Reached ***** piety under Elyvilon
 16247 | D:11     | Noticed a seven-headed hydra
 16256 | D:11     | Killed a seven-headed hydra
 16257 | D:11     | Reached skill level 14 in Spellcasting
 16441 | D:11     | Noticed a boulder beetle
 16474 | D:11     | HP: 8/73 [boulder beetle (4)]
 16843 | D:11     | Found a staircase to the Lair.
 16863 | D:11     | Reached skill level 5 in Armour
 16863 | D:11     | Reached skill level 5 in Invocations
 17304 | D:11     | Killed a boulder beetle
 17369 | D:11     | Found a staircase to the Lair.
 17705 | Lair:1   | Entered Level 1 of the Lair of Beasts
 18261 | Lair:1   | Reached skill level 15 in Spellcasting
 18408 | Lair:1   | Reached XP level 13. HP: 48/77 MP: 0/0
 18408 | Lair:1   | Learned a level 5 spell: Manifold Assault
 18740 | Lair:1   | magus.rc [v1.9.6]
 18822 | Lair:2   | HP: 18/77 [rime drake/flash freeze (18)]
 19064 | Lair:2   | Reached skill level 6 in Invocations
 19094 | Lair:2   | Found a staircase to the Snake Pit.
 20044 | Lair:2   | Found a staircase to the Snake Pit.
 20643 | Lair:3   | Found a transporter.
 20664 | Lair:3   | Found a transporter.
 20664 | Lair:3   | Reached ****** piety under Elyvilon
 20787 | Lair:3   | HP: 18/77 [briar patch collision (11)]
 20793 | Lair:3   | HP: 18/77 [swamp worm/harpoon shot (11)]
 20796 | Lair:3   | Elyvilon protects you from harm!
 20800 | Lair:3   | HP: 18/77 [swamp worm (21)]
 20808 | Lair:3   | Was placed under penance by Elyvilon
 20819 | Lair:3   | Identified the ring "Paipipt" {Wiz Will+ Int+2 Stlth+}
 20822 | Lair:3   | Identified the +1 helmet "Gutoidwu" {rN++ Str+3}
 20863 | Lair:3   | Noticed an eight-headed hydra
 20874 | Lair:3   | Killed an eight-headed hydra
 20974 | Lair:3   | Reached skill level 16 in Spellcasting
 20978 | Lair:3   | Noticed a boulder beetle
 21144 | Lair:3   | Was forgiven by Elyvilon
 21615 | Lair:3   | Identified the +0 helmet of Dibeot {Fly rF- rC+ Dex+3}
 21892 | Lair:3   | Killed a boulder beetle
 21978 | Lair:3   | Found a staircase to the Shoals.
 22333 | Lair:4   | Reached skill level 7 in Invocations
 22424 | Lair:4   | Reached XP level 14. HP: 61/83 MP: 0/0
 23072 | Lair:4   | Paralysed by a floating eye for 4 turns
 23134 | Lair:4   | Paralysed by a floating eye for 2 turns
 23248 | Lair:5   | Entered Level 5 of the Lair of Beasts
 23804 | Lair:5   | Reached skill level 17 in Spellcasting
 23815 | Lair:5   | Reached skill level 5 in Dodging
 23993 | Lair:5   | Reached skill level 6 in Armour
 24332 | Lair:5   | Reached skill level 8 in Invocations
 25054 | Lair:5   | Found a burning altar of Makhleb.
 25278 | Lair:5   | Found a gateway to Hell.
 25278 | Lair:5   | Found the +12 glaive of Prune {vorpal}
 25401 | Lair:5   | Found a staircase to the Slime Pits.
 25886 | Lair:4   | HP: 20/83 [oklob plant/splash of acid (8)]
 26612 | D:4      | Found a glowing golden altar of the Shining One.
 26872 | D:4      | Killed Dowan
 26875 | D:4      | Killed Duvessa
 26936 | D:4      | Found an ornate altar of the Wu Jian Council.
 27315 | D:6      | Killed Crazy Yiuf
 27689 | D:9      | Bought the +6 chain mail "Tuaqaatz" {rN+ Str+8 Dex+6} for
                  | 1276 gold pieces
 28018 | D:12     | Noticed Urug
 28026 | D:12     | Identified the +6 arbalest of Distant Shores {penet, +Blink
                  | rPois rF- Int+5}
 28252 | D:12     | Reached XP level 15. HP: 78/87 MP: 0/0
 28252 | D:12     | Learned a level 6 spell: Conjure Ball Lightning
 28415 | D:12     | Reached skill level 18 in Spellcasting
 28422 | D:12     | Killed Urug
 28423 | D:12     | Reached skill level 1 in Evocations
 28644 | D:12     | Reached skill level 6 in Stealth
 28732 | D:12     | Noticed Snorg
 28765 | D:12     | Killed Snorg
 28769 | D:12     | HP: 17/87 [soul eater[a kobold demonologist] (13)]
 28774 | D:12     | Reached skill level 1 in Ranged Weapons
 28790 | D:12     | HP: 12/87 [cyclops/large rock (22)]
 29572 | Orc:1    | Entered Level 1 of the Orcish Mines
 29790 | Orc:1    | Reached skill level 2 in Evocations
 29823 | Orc:1    | Found Bakh's Firing Range.
 30223 | Orc:1    | Found Bannonk's Book Emporium.
 30307 | Orc:2    | Entered Level 2 of the Orcish Mines
 30307 | Orc:2    | Found Fapaeray's Weapon Shoppe.
 30307 | Orc:2    | Found Miusoza's Assorted Antiques.
 30348 | Orc:2    | Found Ypsoll's Weapon Emporium.
 30360 | Orc:2    | Bought a scroll of enchant armour for 217 gold pieces
 30360 | Orc:2    | Bought a scroll labelled CYOZOKHL XAOBY for 29 gold pieces
 30431 | Orc:2    | Found a staircase to the Elven Halls.
 30641 | Orc:2    | Reached skill level 2 in Ranged Weapons
 31547 | Orc:2    | Found Japtugu's Assorted Antiques.
 31547 | Orc:2    | Found Enep's Armour Boutique.
 31547 | Orc:2    | Found Neshraraw's Armour Shop.
 31550 | Orc:2    | Found Koitahu's Book Shoppe.
 31557 | Orc:2    | Bought a scroll labelled CYOZOKHL XAOBY for 21 gold pieces
 32454 | Orc:2    | HP: 17/87 [centaur/arrow (7)]
 32859 | Orc:2    | HP: 6/87 [spore (32)]
 32861 | Orc:2    | Elyvilon protects you from harm!
 32861 | Orc:2    | Elyvilon protects you from harm!
 33376 | Orc:2    | Found Japtugu's Assorted Antiques.
 33376 | Orc:2    | Found Enep's Armour Boutique.
 33376 | Orc:2    | Found Neshraraw's Armour Shop.
 33379 | Orc:2    | Found Koitahu's Book Shoppe.
 33612 | Orc:2    | Found Fapaeray's Weapon Shoppe.
 33620 | Orc:2    | Found Ypsoll's Weapon Emporium.
 33712 | Orc:2    | Found a staircase to the Elven Halls.
 33931 | D:13     | Reached skill level 3 in Ranged Weapons
 34064 | D:13     | Reached skill level 9 in Invocations
 34598 | D:13     | Reached skill level 2 in Short Blades
 34638 | D:13     | Noticed Erolcha
 34723 | D:13     | Killed Erolcha
 34724 | D:13     | Reached skill level 7 in Armour
 35738 | D:13     | Reached skill level 3 in Evocations
 36469 | D:13     | Found a gate to the Vaults.
 36865 | D:14     | Reached XP level 16. HP: 61/93 MP: 0/0
 37165 | D:14     | Found a gate leading to a gauntlet.
 37248 | Gauntlet | Entered a Gauntlet
 37248 | Gauntlet | Found a transporter.
 37248 | Gauntlet | Found a transporter.
 37294 | Gauntlet | Found a transporter.
 37297 | Gauntlet | Found a transporter.
 37297 | Gauntlet | Found a transporter.
 37307 | Gauntlet | Found a transporter.
 37375 | Gauntlet | Found a transporter.
 37385 | Gauntlet | Found a transporter.
 37401 | Gauntlet | Found a transporter.
 37411 | Gauntlet | Found a transporter.
 37426 | Gauntlet | Found a transporter.
 37432 | Gauntlet | Found a transporter.
 37997 | Gauntlet | Found the +0 mask of the Dragon {Will+ Slay+3 SInv}
 37997 | Gauntlet | Identified the amulet of the Final Chapter {Spirit Str+3
                  | SInv}
 38009 | Gauntlet | HP: 8/93 [minotaur/+2 rapier of speed (26)]
 38012 | Gauntlet | Reached skill level 4 in Evocations
 38957 | D:14     | Noticed Agnes
 39259 | D:14     | Killed Agnes
 39591 | D:14     | Found a runed translucent door.
 39591 | D:14     | Found a shimmering altar of Xom.
 39591 | D:14     | Noticed Cofimnas's ghost (journeyman FoFi)
 39777 | D:14     | You are cast into the Abyss!
 39777 | Abyss:2  | Cast into level 2 of the Abyss (a wizard)
 39869 | Abyss:2  | HP: 19/93 [storm dragon simulacrum (25)]
 39888 | Abyss:2  | HP: 16/93 [thrashing horror (3)]
 39891 | Abyss:2  | Reached skill level 19 in Spellcasting
 39891 | Abyss:2  | Gained mutation: You have a pair of small antennae on your
                  | head. [a neqoxec]
 39979 | Abyss:2  | Noticed a bone dragon
 39991 | Abyss:2  | Noticed a pearl dragon
 40001 | Abyss:2  | HP: 22/93 [barbs]
 40004 | Abyss:2  | HP: 4/93 [starcursed mass/accursed screaming (5)]
 40006 | Abyss:2  | Elyvilon protects you from harm!
 40008 | Abyss:2  | Elyvilon protects you from harm!
 40009 | Abyss:2  | HP: 9/93 [balrug/+1 demon whip of electrocution (17)]
 40010 | Abyss:2  | HP: 4/93 [balrug/+1 demon whip of electrocution (6)]
 40010 | Abyss:2  | Elyvilon protects you from harm!
 40010 | Abyss:2  | Elyvilon protects you from harm!
 40011 | Abyss:2  | Noticed a tentacled starspawn
 40013 | Abyss:2  | Killed from afar by a balrug

Vanquished Creatures
  Agnes (D:14)
  A minotaur (Gauntlet)
  Snorg (D:12)
  6 boulder beetles
  5 vault guards (D:13)
  An ogre mage (D:13)
  Erolcha (D:13)
  6 hydras
  9 centaur warriors
  6 death yaks
  A tengu warrior (Gauntlet)
  5 two-headed ogres
  A thrashing horror (Abyss:2)
  Urug (D:12)
  A sixfirhy (Lair:5)
  2 skeletal warriors (D:14)
  A glowing orange brain (Abyss:2)
  A steelbarb worm (shapeshifter) (Abyss:2)
  A deep elf archer (D:13)
  2 orc knights
  A deep elf pyromancer (D:13)
  3 wizards
  6 ugly things
  An orc sorcerer (Orc:1)
  A manticore (D:13)
  A cyclops (D:12)
  A worldbinder (Gauntlet)
  6 oklob plants
  Maurice (D:11)
  2 orange demons (Lair:5)
  7 elephants
  2 black mambas
  A smoke demon (Gauntlet)
  A storm dragon simulacrum (Abyss:2)
  12 cane toads
  6 rime drakes
  Psyche (D:8)
  A torpor snail (Lair:3)
  2 minotaur zombies (Gauntlet)
  8 komodo dragons
  2 efreet
  Maggie (D:6)
  An unseen horror (D:12)
  A yaktaur (shapeshifter) (D:13)
  A freezing wraith (D:14)
  3 kobold demonologists (D:12)
  3 ice devils (Lair:5)
  A hellwing (Lair:5)
  A tengu conjurer (Gauntlet)
  5 trolls
  A queen bee (Gauntlet)
  A polar bear (Lair:4)
  7 hornets
  Prince Ribbit (D:6)
  8 dream sheep (Lair:5)
  2 slime creatures (D:14)
  15 blink frogs
  2 raiju (Abyss:2)
  A snapping turtle (Lair:3)
  2 ynoxinuls (Abyss:2)
  2 shadows
  4 wyverns
  2 humans (shapeshifter)
  3 basilisks
  44 yaks
  A wraith (D:11)
  A human (D:13)
  2 steam dragons
  A neqoxec (Abyss:2)
  7 vampire mosquitoes
  A warg (Orc:1)
  4 acid dragons
  8 nagas (Lair:2)
  Duvessa (D:4)
  A floating eye (Lair:4)
  4 swamp worms (Lair:3)
  A small abomination (Abyss:2)
  5 hell hounds (Lair:5)
  10 water moccasins
  37 orc warriors
  3 ice beasts
  A black bear (Lair:1)
  A sky beast (D:7)
  A black bear (shapeshifter) (D:14)
  16 wolves
  3 boggarts
  9 ogres
  22 centaurs
  10 kobold brigands
  A necrophage (D:4)
  Blork the orc (D:6)
  6 bullfrogs
  2 gnoll sergeants
  A scorpion (D:5)
  Dowan (D:4)
  7 wights
  15 killer bees
  5 howler monkeys
  3 crimson imps (Gauntlet)
  A bullfrog zombie (D:4)
  13 orc priests
  3 hounds
  A human zombie (D:4)
  2 jellies
  Crazy Yiuf (D:6)
  2 gnoll boudas
  3 iron imps (D:6)
  2 scorpion zombies (D:4)
  7 iguanas
  28 orc wizards
  A hound zombie (D:4)
  2 mummies (D:4)
  30 gnolls
  11 adders
  A white imp (D:7)
  2 ufetubi
  2 adder zombies (D:4)
  5 worms
  A dart slug (D:4)
  80 orcs
  3 ball pythons
  9 endoplasms
  4 giant cockroaches
  2 goblins
  6 hobgoblins
  5 quokkas
  3 bats
  3 frilled lizards
  41 kobolds
  7 rats (D:1)
  11 briar patches (Lair:3)
715 creatures vanquished.

Vanquished Creatures (collateral kills)
  An orc wizard (D:3)
1 creature vanquished.

Vanquished Creatures (others)
  3 ball lightnings (Orc:2)
  A briar patch (Lair:3)
  12 fulminant prisms
  51 fungi
  51 plants
118 creatures vanquished.

Grand Total: 834 creatures vanquished

Table legend:
 A = Non-vault XP
 B = Vault XP
 C = Vault XP percentage of total XP
 D = Non-vault monster count
 E = Vault monster count
 F = Vault count percentage of total count
                 A         B        C        D         E       F
            +---------+---------+-------+---------+---------+-------
      Total |   83338 |   44998 |  35.1 |     508 |     197 |  27.9
            +---------+---------+-------+---------+---------+-------
        D:1 |      14 |       6 |  30.0 |       8 |       6 |  42.9
        D:2 |     138 |       0 |   0.0 |      22 |       0 |   0.0
        D:3 |     249 |       0 |   0.0 |      22 |       0 |   0.0
        D:4 |     143 |     685 |  82.7 |      19 |      14 |  42.4
        D:5 |     465 |      58 |  11.1 |      12 |       4 |  25.0
        D:6 |     927 |    1177 |  55.9 |      27 |      12 |  30.8
        D:7 |    1253 |       0 |   0.0 |      30 |       0 |   0.0
        D:8 |    1299 |     397 |  23.4 |      34 |       1 |   2.9
        D:9 |    1569 |     584 |  27.1 |      36 |      23 |  39.0
       D:10 |    2468 |    1023 |  29.3 |      15 |       3 |  16.7
       D:11 |    6237 |     449 |   6.7 |      17 |       1 |   5.6
       D:12 |    7511 |    1715 |  18.6 |      36 |       2 |   5.3
       D:13 |    9450 |    7714 |  44.9 |      21 |      11 |  34.4
       D:14 |    9464 |    3423 |  26.6 |      25 |       6 |  19.4
     Lair:1 |    8139 |    1638 |  16.8 |      36 |       6 |  14.3
     Lair:2 |    5416 |    1636 |  23.2 |      11 |      11 |  50.0
     Lair:3 |    5561 |    1693 |  23.3 |      16 |       7 |  30.4
     Lair:4 |    5315 |    2317 |  30.4 |      17 |       5 |  22.7
     Lair:5 |    8710 |   10561 |  54.8 |      31 |      29 |  48.3
      Orc:1 |    3529 |       0 |   0.0 |      36 |       0 |   0.0
      Orc:2 |    1561 |    5094 |  76.5 |      26 |      39 |  60.0
    Abyss:2 |    3920 |       0 |   0.0 |      11 |       0 |   0.0
   Gauntlet |       0 |    4828 | 100.0 |       0 |      17 | 100.0
            +---------+---------+-------+---------+---------+-------

Illustrated notes

Table legend:
 A = Kills in this place as a percentage of kills in entire the game.
 B = Kills by you in this place as a percentage of kills by you in the entire game.
 C = Kills by friends in this place as a percentage of kills by friends in the entire game.
 D = Other kills in this place as a percentage of other kills in the entire game.
 E = Experience gained in this place as a percentage of experience gained in the entire game.
 F = Experience gained in this place divided by the number of levels of this place that you have seen.
                   A       B       C       D       E      F
               +-------+-------+-------+-------+-------+----------------------
         Total | 100.0 | 100.0 | 100.0 |   N/A | 100.0 | 5347.3
       Dungeon |  57.7 |  57.7 | 100.0 |   N/A |  45.5 | 4172.7
          Lair |  24.0 |  24.0 |   0.0 |   N/A |  39.7 | 10197.2
  Orcish Mines |  14.3 |  14.3 |   0.0 |   N/A |   7.9 | 5092.0
         Abyss |   1.6 |   1.6 |   0.0 |   N/A |   3.1 | 3920.0
      Gauntlet |   2.4 |   2.4 |   0.0 |   N/A |   3.8 | 4828.0
               +-------+-------+-------+-------+-------+----------------------

Table legend: (Time is in decaauts)
 A = Elapsed time spent in this place.
 B = Non-inter-level travel time spent in this place.
 C = Inter-level travel time spent in this place.
 D = Time resting spent in this place.
 E = Time spent auto-exploring this place.
 F = Levels seen in this place.
 G = Mean time per level.
                   A        B        C        D        E       F      G
               +--------+--------+--------+--------+--------+-----+--------+
         Total |  40251 |  37932 |   2319 |   9352 |  21160 |  24 | 1677.1 |
       Dungeon |  25912 |  24393 |   1519 |   6013 |  14987 |  14 | 1850.9 |
        Temple |    129 |    129 |      0 |      0 |    117 |   1 |  129.0 |
          Lair |   8701 |   7986 |    715 |   1382 |   3594 |   5 | 1740.2 |
  Orcish Mines |   4033 |   3949 |     84 |   1557 |   1839 |   2 | 2016.5 |
         Abyss |    239 |    239 |      0 |      0 |      0 |   1 |  239.0 |
      Gauntlet |   1234 |   1234 |      0 |    400 |    623 |   1 | 1234.0 |
               +--------+--------+--------+--------+--------+-----+--------+

Top non-repeatable levels by time:
    D:13: 3230 daAuts
    D:10: 2707 daAuts
     D:4: 2549 daAuts
     D:6: 2386 daAuts
   Orc:2: 2317 daAuts
  Lair:5: 2212 daAuts
     D:9: 2103 daAuts
  Lair:2: 2042 daAuts
    D:11: 2021 daAuts
  Lair:4: 1915 daAuts
   Orc:1: 1716 daAuts
     D:5: 1710 daAuts
    D:12: 1649 daAuts
     D:8: 1601 daAuts
     D:2: 1547 daAuts
